 Dungeon Crawl Stone Soup version 0.27-a0-1090-gb115f176c6 (webtiles) character file.

Game seed: 9780017953366131460

9 sizableburger the Chucker (level 2, -2/22 HPs)
             Began as a Mummy Hunter on Apr 28, 2021.
             Slain by a ball python (3 damage)
             ... on level 1 of the Dungeon.
             The game lasted 00:01:25 (304 turns).

sizableburger the Chucker (Mummy Hunter)             Turns: 304, Time: 00:01:25

Health: -2/22      AC:  3    Str: 15    XL:     2   Next: 3%
Magic:  2/2        EV:  8    Int: 10    God:
Gold:   0          SH:  0    Dex: 12    Spells: 1/1 levels left

rFire    x . .     SeeInvis .   a - +0 short sword
rCold    + . .     Faith    .   (no shield)
rNeg     + + +     Spirit   .   b - +0 leather armour
rPois    ∞         Reflect  .   (no helmet)
rElec    .         Harm     .   (no cloak)
rCorr    .         Rampage  .   (no gloves)
Will     .....                  (no boots)
Stlth    +.........             (no amulet)
HPRegen  0.07/turn              (no ring)
MPRegen  0.08/turn              (no ring)

@: constricted
A: cold resistance 1, negative energy resistance 3, torment resistance 2,
unbreathing 1, heat vulnerability 1, no potions
a: no special abilities


You were on level 1 of the Dungeon.
You visited 1 branch of the dungeon, and saw 1 of its levels.

Inventory:

Hand Weapons
 a - a +0 short sword (weapon)
Armour
 b - a +0 leather armour (worn)


   Skills:
 + Level 2.2 Fighting
 + Level 0.6 Short Blades
 + Level 3.4 Throwing
 - Level 1.5 Dodging
 - Level 0.7 Stealth


You had one spell level left.
You didn't know any spells.
Your spell library was empty.

Dungeon Overview and Level Annotations

Branches:
Dungeon (1/15)

Altars:


Innate Abilities, Weirdness & Mutations

You are immune to poison.
Your flesh is cold resistant. (rC+)
You are immune to negative energy. (rN+++)
You are immune to unholy pain and torment.
You can survive without breathing.
You are vulnerable to heat. (rF-)
You do not drink.


Message History

The ball python bites you.
* * * LOW HITPOINT WARNING * * *
The ball python barely misses you.
You see here a ball python corpse.
A ball python comes into view.
The ball python hisses angrily.
The ball python closely misses you. x2
Found a gold piece.
A kobold comes into view. It is wielding a +0 dagger.
The kobold shouts!
A hobgoblin comes into view.
You aren't carrying any scrolls.
There are monsters nearby!
You hit the ball python.
You kill the ball python!
You have reached level 2!
You see here a ball python corpse.
You hit the ball python.
The ball python is moderately wounded.
The ball python barely misses you. The ball python misses you.
The kobold throws a stone.
The stone hits you but does no damage.
You closely miss the ball python.
The ball python is moderately wounded.
The ball python barely misses you. x2
You closely miss the ball python.
The ball python is moderately wounded.
The ball python bites you.
* * * LOW HITPOINT WARNING * * *
The ball python grabs you. The ball python constricts you.
The kobold throws a stone.
The stone closely misses you.
The stone misses the ball python.
The ball python barely misses you.
* * * LOW HITPOINT WARNING * * *
The ball python constricts you.
You closely miss the ball python.
The ball python is moderately wounded.
The ball python barely misses you. The ball python constricts you.
You closely miss the ball python.
The ball python is moderately wounded.
The ball python bites you.
You die...

##(.(.##.#.### #.#
##..#####†#.# #.#
#..#........# ..#
#.#...).#.###
######.#.....#.#
.##.....†S.....#.#
....#....#######.#
.# #..#### #S#
#..S## #@# #.###
#.# ... #K# (. #g#
.# #.# . #.# #$#
#.# ...


You could see a hobgoblin, a ball python and a kobold.

Vanquished Creatures
  A bat (D:1)
  3 jackals (D:1)
  3 ball pythons (D:1)
7 creatures vanquished.

Notes
Turn   | Place    | Note
-------+----------+-------------------------------------------
     0 | D:1      | sizableburger the Mummy Hunter began the quest for the Orb.
     0 | D:1      | Reached XP level 1. HP: 16/16 MP: 1/1
   299 | D:1      | Reached XP level 2. HP: 2/22 MP: 2/2
   302 | D:1      | HP: 1/22 [ball python (1)]
   304 | D:1      | Slain by a ball python

Illustrated notes

Levels and vault maps discovered:
D:1:      dpeg_arrival_tiny_k, layout_rooms, ebering_ecumenical_altar_abandoned

Action                   || total
-------------------------++-------
Melee: Short sword       ||    24
Throw: Javelin           ||     8
       Throwing net      ||     3
 Stab: Held in net/web   ||     1
Armor: Leather armour    ||    19
Dodge: Dodged            ||    37

Table legend: (Time is in decaauts)
 A = Elapsed time spent in this place.
 B = Non-inter-level travel time spent in this place.
 C = Inter-level travel time spent in this place.
 D = Time resting spent in this place.
 E = Time spent auto-exploring this place.
 F = Levels seen in this place.
 G = Mean time per level.
                   A        B        C        D        E       F      G
               +--------+--------+--------+--------+--------+-----+--------+
         Total |    308 |    308 |      0 |    126 |     99 |   1 |  308.0 |
       Dungeon |    308 |    308 |      0 |    126 |     99 |   1 |  308.0 |
               +--------+--------+--------+--------+--------+-----+--------+

Top non-repeatable levels by time:
     D:1: 308 daAuts
